 Dungeon Crawl Stone Soup version 0.30.1-4-g462c640d31 (webtiles) character file.

Game seed: 8428865722132534834

44 eaglefire the Grave Robber (level 3, -1/19 HPs)
             Began as a Vampire Necromancer on Aug 16, 2023.
             Slain by a goblin
             ... wielding a +0 dagger
             ... led by Robin
              (3 damage)
             ... on level 2 of the Dungeon.
             The game lasted 00:11:51 (3772 turns).

eaglefire the Grave Robber (Vampire Necromancer)    Turns: 3772, Time: 00:11:51

Health: -1/19      AC:  3    Str:  5 (7)  XL:     3   Next: 39%
Magic:  6/6        EV: 12    Int: 15 (17) God:
Gold:   100        SH:  0    Dex: 14 (16) Spells: 5/6 levels left

rFire   . . .        e - +0 dagger
rCold   . . .        (no shield)
rNeg    . . .        a - +0 robe
rPois   .            (no helmet)
rElec   .            (no cloak)
rCorr   .            (no gloves)
SInv    +            c - +0 pair of boots
Will    .....        (no amulet)
Stlth   ++           (no ring)
HPRegen 0.43/turn    (no ring)
MPRegen 0.10/turn

%: no passive effects
@: healing quickly
A: alive, fangs 3, see invisible, vampiric 2, [frail 2]
a: Exsanguinate


You were on level 2 of the Dungeon.
You visited 1 branch of the dungeon, and saw 2 of its levels.

You collected 100 gold pieces.

Inventory:

Hand Weapons
 e - a +0 dagger (weapon)
Armour
 a - a +0 robe (worn)
 c - a +0 pair of boots (worn)
Jewellery
 h - a ring of poison resistance
Scrolls
 d - 2 scrolls of amnesia
 f - a scroll of noise {unknown}
 g - a scroll of teleportation {unknown}
Potions
 b - a potion of magic


   Skills:
 + Level 0.1 Fighting
 + Level 2.7 Dodging
 + Level 3.4 Stealth
 + Level 1.4 Unarmed Combat
 + Level 2.0 Spellcasting
 + Level 5.0 Necromancy


You had 5 spell levels left.
You knew the following spells:

 Your Spells              Type           Power      Damage    Failure   Level
a - Necrotise             Necr           64%        1d7       2%          1

Your spell library contained the following spells:

 Spells                   Type           Power      Damage    Failure   Level
 Vampiric Draining        Necr           16%        2d7       9%          3
 Animate Dead             Necr           16%        N/A       28%         4
 Agony                    Necr           16%        N/A       61%         5


Dungeon Overview and Level Annotations

Branches:
Dungeon (2/15)

Altars:

Annotations:
D:2 Robin


Innate Abilities, Weirdness & Mutations

Your natural rate of healing is accelerated.
You have razor-sharp teeth.
You have supernaturally acute eyesight. (SInv)
You are afflicted with vampirism and can become a bat while bloodless.
[You are very frail. (-20% HP)]


Message History

The goblin shouts!
You hit the goblin.
The goblin is severely wounded.
You feel sick. The adder closely misses you. x2
The goblin closely misses you.
Robin roars a battlecry!
The goblins go into a battle-frenzy!
You hit the goblin but do no damage. You bite the goblin.
You kill the goblin!
You feel sick.
You are no longer poisoned.
The adder bites you.
A hobgoblin comes into view.
A goblin breaks down the door.
You see here a +0 dagger.
The adder closely misses you. Robin throws the goblin at you!
The goblin misses you.
You hit the goblin.
The goblin is moderately wounded.
The adder barely misses you.
Robin roars a battlecry!
The goblin misses you.
You closely miss the goblin.
The goblin is moderately wounded.
The adder bites you. The adder closely misses you.
The goblin hits you with a +0 dagger.
* * * LOW HITPOINT WARNING * * *
The goblin hits you with a +0 dagger of venom.
* * * LOW HITPOINT WARNING * * *
You hit the goblin.
The goblin is severely wounded.
The adder closely misses you. The goblin hits you with a +0 dagger.
* * * LOW HITPOINT WARNING * * *
Robin roars a battlecry!
The goblin closely misses you.
You hear a shout!
You hit the goblin.
You kill the goblin!
The adder closely misses you. The goblin hits you with a +0 dagger.
You die...

#######...#
#........#
#)###....# #.#
###### #.# #.#
# #.### #'##.
#..)#####ggg.g#
####@S)†ggg♣
##g####g..# #.#
.# #.# #.# #.#
#.# #.#


You could see Robin, an adder, a hobgoblin (strong) and 6 goblins.

Vanquished Creatures
  4 dart slugs (D:1)
  4 ball pythons
  An endoplasm (D:1)
  2 giant cockroaches (D:1)
  7 goblins
  6 hobgoblins (D:1)
  2 quokkas (D:1)
  2 bats (D:1)
  A frilled lizard (D:1)
  3 rats (D:1)
32 creatures vanquished.

Notes
Turn   | Place    | Note
-------+----------+-------------------------------------------
     0 | D:1      | eaglefire the Vampire Necromancer began the quest for the
                  | Orb.
     0 | D:1      | Reached XP level 1. HP: 13/13 MP: 3/3
   594 | D:1      | Reached XP level 2. HP: 16/19 MP: 5/5
  1800 | D:1      | Reached skill level 5 in Necromancy
  1833 | D:1      | Reached skill level 1 in Unarmed Combat
  2022 | D:1      | Gained mutation: You are afflicted with vampirism and can
                  | become a bat while bloodless. [Vampire growth]
  2022 | D:1      | Reached XP level 3. HP: 21/21 MP: 6/6
  3757 | D:2      | Noticed Robin
  3772 | D:2      | Slain by a goblin

Illustrated notes

Levels and vault maps discovered:
D:1:      matt_arrival_debris, layout_basic
D:2:      layout_loops_ring, basic_altar,
          hellmonk_ecumenical_altar_pennies_from_heaven, grunt_ministairs_4,
          uniq_robin, uniq_natasha

Skill      XL: |  1  2 |
---------------+-------+-----
Necromancy     | 5 |  5.0
Unarmed Combat | 1 |  1.4
Fighting       | |  0.1
Dodging        | |  2.7
Stealth        | |  3.4
Spellcasting   | |  2.0

Action                     || total
---------------------------++-------
  Melee: Unarmed           ||    96
         Bite              ||    25
         Punch             ||     2
         Dagger            ||    86
   Cast: Necrotise         ||     1
Ability: Exsanguinate      ||     2
         Revivify          ||     2
         End Transformatio ||     1
         Bat Form          ||     1
    Use: Potion            ||     1
         Scroll            ||     2
   Stab: Sleeping          ||     4
 Armour: Robe              ||    62
  Dodge: Dodged            ||   190
